 Dungeon Crawl Stone Soup version 0.26-a0-667-g92642533e4 (webtiles) character file.

Game seed: 4369850309338567193

2238 Demosthentine the Shield-Bearer (level 9, -5/78 HPs)
             Began as a Formicid Fighter on Oct 17, 2020.
             Was an Initiate of Cheibriados.
             Slain by an orc warrior
             ... wielding a +1 long sword of electrocution
              (14 damage)
             ... on level 7 of the Dungeon.
             The game lasted 00:08:15 (8217 turns).

Demosthentine the Shield-Bearer (Formicid Fighter)  Turns: 8217, Time: 00:08:15

Health: -5/78      AC: 13    Str: 22 (24) XL:     9   Next: 63%
Magic:  9/9        EV: 12    Int:  8 (9)  God:    Cheibriados [......]
Gold:   438        SH:  7    Dex: 11 (12) Spells: 8/8 levels left

rFire    . . .     SeeInvis +   a - +1 war axe
rCold    . . .     Faith    .   e - +2 buckler
rNeg     . . .     Spirit   .   m - +0 scale mail (curse)
rPois    .         Reflect  .   (helmet unavailable)
rElec    .         Harm     .   h - +0 cloak
rCorr    .         Rampage  .   r - +0 pair of gloves
MR       .....                  p - +0 pair of boots
Stlth    ..........             (no amulet)
HPRegen  0.63/turn              (no ring)
MPRegen  0.11/turn              (no ring)

@: very slow
A: permanent stasis, dig shafts and tunnels, four strong arms, antennae 3,
yellow scales 1, deterioration 1, regeneration 1, robust 1
a: Dig, Shaft Self, Bend Time, Renounce Religion


You were on level 7 of the Dungeon.
You worshipped Cheibriados.
Cheibriados was noncommittal.
You visited 2 branches of the dungeon, and saw 8 of its levels.

You collected 438 gold pieces.

Inventory:

Hand Weapons
 a - a +1 war axe (weapon)
Missiles
 k - 34 poisoned darts (quivered)
 o - 14 boomerangs
 v - 5 throwing nets
Armour
 c - a +1 kite shield
 e - a +2 buckler (worn)
 h - a +0 cloak (worn)
 m - a cursed +0 scale mail (worn)
 p - a +0 pair of boots (worn)
 r - a +0 pair of gloves (worn)
Wands
 A - a wand of acid (6)
Scrolls
 b - a scroll of enchant weapon
 i - 2 scrolls of remove curse
Potions
 f - a potion of curing
 g - a potion of resistance
 j - a potion of lignification
 l - a potion of stabbing
 n - a potion of magic
 q - 2 potions of ambrosia
 s - a potion of brilliance
 t - a potion of cancellation


   Skills:
 + Level 6.8 Fighting
 + Level 5.7 Axes
 + Level 6.8 Armour
 + Level 4.7 Dodging
 + Level 7.4 Shields


You had 8 spell levels left.
You didn't know any spells.
Your spell library contained the following spells:

 Spells                   Type           Power        Failure   Level
 Animate Skeleton         Necr           #.....       71%         1
 Apportation              Tloc           #.....       71%         1
 Corona                   Hex            #......      71%         1
 Summon Small Mammal      Summ           #...         71%         1


Dungeon Overview and Level Annotations

Branches:
Dungeon (7/15)             Temple (1/1) D:6

Altars:
Ashenzari
Cheibriados
Dithmenos
Elyvilon
Hepliaklqana
Nemelex Xobeh
Sif Muna
Trog
Uskayaw
Vehumet
Wu Jian
Xom
Yredelemnul
Zin
The Shining One

Shops:
D:4 =

Annotations:
D:7 2 transporters


Innate Abilities, Weirdness & Mutations

You cannot be hasted, slowed, berserked, paralysed or teleported.
You can dig through walls and to a lower floor.
Your four strong arms can wield two-handed weapons with a shield.
You have a pair of large antennae on your head. (SInv)
You are partially covered in yellow scales. (AC +2)
Your body sometimes deteriorates upon taking damage.
Your natural rate of healing is unusually fast.
You are robust. (+10% HP)


Message History

The orc warrior hits you with a +1 long sword of electrocution!
You are electrocuted!
Unknown command.
You are too injured to fight recklessly!
You are too injured to fight recklessly!
Unknown command.
You are too injured to fight recklessly!
Unknown command.
You are too injured to fight recklessly!
Unknown command.
Unknown command.
You hit the orc warrior but do no damage.
You hit the orc wizard.
The orc wizard gestures wildly while chanting.
The orc wizard flickers and vanishes for a moment.
The orc warrior hits you with a +1 long sword of electrocution!
* * * LOW HITPOINT WARNING * * *
Your body deteriorates!
You feel dopey.
You are electrocuted!
You die...

...... .... ....
## #... ... . ##
#..# .... #.
##.##..##.....
#.#.#o#.ooo.....
##. #.#o##.@# .##
#.##...##### ©##
#F#©..#...# .#
#C##...#...# ##.#
#z#Y##..#...#...
"#.C#
.#o#.#..........
.+.#{#
#{###.##..#...#...
.#..#{#.#. ##
#..#...#
⌠#.#z#{#.#
##..#...#


You could see a cyclops, 2 orc warriors, an ice beast, a bullfrog, a wight, an
orc wizard (invisible) and an orc.

Vanquished Creatures
  Eustachio (D:5)
  An orc warrior (D:6)
  3 ogres
  A centaur (D:6)
  A gnoll sergeant (D:5)
  2 scorpions
  3 killer bees (D:7)
  A bullfrog zombie (D:6)
  A jelly (D:6)
  3 gnoll shamans
  A hound (D:3)
  3 orc wizards
  2 orc priests (D:5)
  2 iguanas
  Natasha (thrice) (D:3)
  2 worker ants (D:4)
  A hound zombie (D:6)
  A hound skeleton (D:6)
  A worker ant zombie (D:3)
  A howler monkey zombie (D:6)
  10 adders
  53 gnolls
  2 shadow imps (D:6)
  2 white imps (D:5)
  3 oozes
  An adder zombie (D:5)
  An adder skeleton (D:6)
  5 worms
  A dart slug (D:2)
  8 leopard geckos
  19 orcs
  3 ball pythons
  8 bats
  A giant cockroach (D:5)
  12 goblins
  6 hobgoblins
  28 jackals
  6 quokkas
  5 frilled lizards
  4 kobolds
  A leopard gecko zombie (D:4)
  8 rats
221 creatures vanquished.

Vanquished Creatures (others)
  A plant (D:5)
1 creature vanquished.

Grand Total: 222 creatures vanquished

Notes
Turn   | Place    | Note
-------+----------+-------------------------------------------
     0 | D:1      | Demosthentine the Formicid Fighter began the quest for the
                  | Orb.
     0 | D:1      | Reached XP level 1. HP: 18/18 MP: 1/1
   269 | D:1      | Reached XP level 2. HP: 23/24 MP: 2/2
   492 | D:1      | Reached XP level 3. HP: 29/29 MP: 3/3
  1021 | D:2      | Reached skill level 4 in Shields
  1026 | D:2      | Reached skill level 1 in Dodging
  1146 | D:2      | Reached XP level 4. HP: 33/37 MP: 4/4
  1675 | D:3      | Found a radiant altar of Vehumet.
  1692 | D:3      | Reached XP level 5. HP: 35/42 MP: 5/5
  1776 | D:3      | Noticed Natasha
  1789 | D:3      | Killed Natasha
  1978 | D:3      | Noticed Natasha
  1989 | D:3      | Killed Natasha
  2002 | D:3      | Reached XP level 6. HP: 48/48 MP: 6/6
  2106 | D:3      | You fall into a shaft and drop 1 floor!
  2664 | D:4      | Reached skill level 5 in Shields
  2696 | D:3      | Reached XP level 7. HP: 49/55 MP: 7/7
  3019 | D:3      | Found a shimmering altar of Xom.
  3056 | D:3      | Noticed Natasha
  3061 | D:3      | Killed Natasha
  3468 | D:4      | Found Nifaikk's Jewellery Boutique.
  3753 | D:4      | Found a hide-covered altar of Uskayaw.
  4087 | D:5      | Entered Level 5 of the Dungeon
  4108 | D:5      | Found a shimmering blue altar of Sif Muna.
  4115 | D:5      | Reached skill level 5 in Fighting
  4153 | D:5      | Reached skill level 5 in Armour
  4555 | D:5      | Reached XP level 8. HP: 62/62 MP: 8/8
  4601 | D:5      | Noticed Eustachio
  4615 | D:5      | Killed Eustachio
  4732 | D:5      | Found a broken altar of Ashenzari.
  5148 | D:5      | Reached skill level 6 in Shields
  5175 | D:5      | HP: 3/64 [gnoll/+0 spear (6)]
  5461 | D:5      | Noticed a cyclops
  5978 | D:5      | Reached skill level 5 in Axes
  5983 | D:5      | Reached XP level 9. HP: 66/69 MP: 9/9
  6767 | D:6      | Reached skill level 7 in Shields
  7016 | D:6      | Found a white marble altar of Elyvilon.
  7194 | D:6      | Found a bloodstained altar of Trog.
  7242 | D:6      | Found a staircase to the Ecumenical Temple.
  7272 | D:6      | Gained mutation: Your body sometimes deteriorates upon
                  | taking damage. [potion of mutation]
  7272 | D:6      | Gained mutation: You are robust. (+10% HP) [potion of
                  | mutation]
  7272 | D:6      | Gained mutation: Your natural rate of healing is unusually
                  | fast. [potion of mutation]
  7272 | D:6      | Gained mutation: You are partially covered in yellow
                  | scales. (AC +2) [potion of mutation]
  7416 | Temple   | Entered the Ecumenical Temple
  7688 | Temple   | Became a worshipper of Cheibriados the Contemplative
  8175 | D:7      | Found a transporter.
  8195 | D:7      | Found a transporter.
  8196 | D:7      | Noticed a cyclops
  8217 | D:7      | Slain by an orc warrior

Illustrated notes

Levels and vault maps discovered:
D:1:      minmay_arrival_wavy_path, layout_basic, columned_hall_lemuel
D:2:      layout_basic
D:3:      layout_basic, lemuel_doored_altar, vehumet_crystals,
          minmay_randomly_rotated_circles, uniq_natasha
D:4:      layout_basic, lemuel_coloured_pillars_altar, serial_corexii_hall,
          chequers_hall_statues_corner_a, corexii_hall_statues_deadend,
          serial_shops, shop
D:5:      lemuel_castle_with_subvaults [lemuel_castle_interior_original],
          layout_basic, overflow_temple_1_default, led_sif_book,
          chequers_big_river, uniq_eustachio
D:6:      layout_loops_cross, elyvilon_altar_3, minmay_temple_entry_wispy,
          trog_book
D:7:      gammafunk_the_bubble [the_bubble_gammafunk_grid], layout_basic,
          lemuel_zombie_altar_kikubaaqudgha, old_standard_altar,
          hangedman_minor_gate_pass, uniq_joseph, uniq_crazy_yiuf_cottage
Temple:   compressed_dpeg_triangle_lava_temple

Skill      XL: |  1  2  3  4  5  6  7  8  9 |
---------------+----------------------------+-----
Shields        | 4 5 6 7 |  7.4
Dodging        | 1 2 3 4 |  4.7
Fighting       | 4 5 6 |  6.8
Armour         | 4 5 6 |  6.8
Axes           | 3 4 5 |  5.7

Action                   |  1- 3 |  4- 6 |  7- 9 || total
-------------------------+-------+-------+-------++-------
Melee: War axe           |    81 |   156 |   372 ||   609
  Use: Scroll            |     3 |       |    12 ||    15
       Potion            |       |       |    11 ||    11
Armor: Scale mail        |    45 |    77 |   167 ||   289
Dodge: Dodged            |    38 |    87 |   258 ||   383
Block: Kite shield       |    20 |       |       ||    20
       Buckler           |    18 |    65 |   194 ||   277

Table legend: (Time is in decaauts)
 A = Elapsed time spent in this place.
 B = Non-inter-level travel time spent in this place.
 C = Inter-level travel time spent in this place.
 D = Time resting spent in this place.
 E = Time spent auto-exploring this place.
 F = Levels seen in this place.
 G = Mean time per level.
                   A        B        C        D        E       F      G
               +--------+--------+--------+--------+--------+-----+--------+
         Total |   8544 |   8269 |    275 |   1040 |   5674 |   8 | 1068.0 |
       Dungeon |   8250 |   7975 |    275 |   1040 |   5433 |   7 | 1178.6 |
        Temple |    293 |    293 |      0 |      0 |    241 |   1 |  293.0 |
               +--------+--------+--------+--------+--------+-----+--------+

Top non-repeatable levels by time:
     D:5: 2798 daAuts
     D:4: 1424 daAuts
     D:6: 1064 daAuts
     D:3: 1057 daAuts
     D:1: 1040 daAuts
     D:2: 676 daAuts
  Temple: 293 daAuts
     D:7: 189 daAuts
